 Dungeon Crawl Stone Soup version 0.29.1-2-gbd0b4ee654 (webtiles) character file.

Game seed: 2741172934862569670

3819 sanboga the Gouger (level 9, 0/43 HPs)
             Began as a Felid Berserker on Nov 28, 2022.
             Was a High Priest of Trog.
             Slain by a kobold brigand
             ... wielding a +0 dagger
              (5 damage)
             ... on level 8 of the Dungeon on Nov 29, 2022.
             The game lasted 00:10:42 (9792 turns).

sanboga the Gouger (Felid Berserker)                Turns: 9792, Time: 00:10:43

Health: 0/43       AC:  2    Str: 15    XL:     9   Next: 97%
Magic:  10/10      EV: 23    Int:  8    God:    Trog [*****.]
Gold:   564        SH:  0    Dex: 18    Spells: 8/8 levels left
                                        Lives:  0   Deaths: 2

rFire   + . .      SeeInvis +     - Unarmed
rCold   . . .      Faith    .   (shield unavailable)
rNeg    + . .      Spirit   .   (body armour unavailable)
rPois   .          Reflect  .   (helmet unavailable)
rElec   .          Harm     .   (cloak unavailable)
rCorr   +          Rampage  .   (gloves unavailable)
Will    +....                   (boots unavailable)
Stlth   ++++......              h - amulet of Moseoz {+Blink rF+ Regen+}
HPRegen 0.94/turn               b - ring of positive energy
MPRegen 0.12/turn               p - ring of resist corrosion

@: quick
A: very small, claws 1, fangs 3, see invisible, speed 1, shaggy fur 2, stealthy
paws, no weapons or thrown items, no armour, multi-lived
a: Renounce Religion, Evoke Blink, Berserk, Trog's Hand, Brothers in Arms


You were on level 8 of the Dungeon.
You worshipped Trog.
Trog was extremely pleased with you.
You visited 1 branch of the dungeon, and saw 8 of its levels.

You collected 564 gold pieces.

Inventory:

Jewellery
 b - a ring of positive energy (left paw)
 g - a ring of fire
 h - the amulet of Moseoz (around neck) {+Blink rF+ Regen+}
   (You found it on level 8 of the Dungeon)

   [amulet of regeneration]

   rF:        It protects you from fire.
   +Blink:    It lets you blink.
   Regen:     It increases your rate of health regeneration.
 p - a ring of resist corrosion (right paw)
Wands
 f - a wand of quicksilver (8)
 i - a wand of iceblast (3)
 n - a wand of charming (13)
Scrolls
 a - 2 scrolls of teleportation
 o - 3 scrolls of identify
Potions
 c - a potion of invisibility
 d - 2 potions of heal wounds
 e - 2 potions of ambrosia {unknown}
 k - a potion of mutation {unknown}
 l - a potion of haste
 m - 5 potions of curing {unknown}


   Skills:
 + Level 7.3 Fighting
 + Level 9.4 Dodging
 + Level 9.2 Stealth
 * Level 9.9 Unarmed Combat


You had 8 spell levels left.
You didn't know any spells.
Your spell library was empty.

Dungeon Overview and Level Annotations

Branches:
Dungeon (8/15)             Temple (0/1) D:5
   Lair: D:8-11

Altars:
Cheibriados
Elyvilon
Makhleb
Wu Jian

Shops:
D:1 (   D:2 (


Innate Abilities, Weirdness & Mutations

You have sharp claws.
You have razor-sharp teeth.
You have supernaturally acute eyesight. (SInv)
You cover ground quickly. (Speed+)
You are covered in thick fur. (AC +2)
Your paws help you pounce on unaware monsters.
You are incapable of wielding weapons or throwing items.
You cannot wear armour.
You gain extra lives every three experience levels.


Message History

The kobold moves out of view.
The kobold brigand throws a poisoned dart.
The poisoned dart hits you!
You are poisoned.
You feel sick.
The kobold shouts! x2
You scratch the kobold brigand but do no damage.
You bite the kobold brigand.
The kobold brigand is lightly wounded.
You feel sick. The kobold misses you.
The kobold brigand hits you with a +0 dagger!
The kobold completely misses you. The kobold closely misses you.
The kobold brigand hits you with a +0 dagger.
You scratch the kobold brigand but do no damage.
You feel sick.
The kobold zaps a wand.
Your mind is blasted!
The kobold misses you.
The kobold brigand hits you with a +0 dagger.
You claw the kobold!
You kill the kobold!
Trog accepts your kill.
You feel sick.
You claw the kobold brigand! You bite the kobold brigand.
The kobold brigand is moderately wounded.
You feel sick. The kobold hits you with a +0 club.
The kobold brigand hits you with a +0 dagger.
You are too injured to fight recklessly!
You are too injured to fight recklessly!
You closely miss the kobold brigand.
The kobold brigand is moderately wounded.
You feel sick.
You are no longer poisoned.
The kobold completely misses you.
The kobold brigand hits you with a +0 dagger!
* * * LOW HITPOINT WARNING * * *
You scratch the kobold brigand.
The kobold brigand is heavily wounded.
The kobold hits you with a +0 club.
* * * LOW HITPOINT WARNING * * *
The kobold brigand hits you with a +0 dagger.
You die...

....#.# #...........
.....#.#####...........
..........#......#.#.#
.........#...<..#.#.#
........#[.....#.#.#
#.......#......#.#.#
#.......##.##.##.#.#
#).)....##.##.##.#.#
#..@K...##.#.....#.#
#.K.....##.#####+#.#
#.......#..........#
###.#####..........#
#.# #...........
#.#####.........##
#....##.........#
#....##.........##
#....##...........


You could see a kobold brigand and a kobold.

Vanquished Creatures
  Pikel (D:7)
  Joseph (D:8)
  A gargoyle (D:7)
  Prince Ribbit (D:8)
  A wyvern (D:6)
  The ghost of hawla the Grave Robber, an amateur FeNe (D:7)
  2 black bears
  A centaur (D:6)
  2 ogres
  3 kobold brigands (D:7)
  A necrophage (D:3)
  3 bullfrogs
  3 scorpions
  8 wights (D:7)
  4 killer bees (D:7)
  3 howler monkeys (D:8)
  3 jellies
  5 hounds
  6 orc priests
  7 orc wizards
  3 iguanas
  10 gnolls
  3 adders
  4 shadow imps
  A white imp (D:4)
  3 ufetubi
  A worm (D:3)
  A dart slug (D:1)
  30 orcs
  7 ball pythons
  12 endoplasms
  10 giant cockroaches
  7 goblins
  10 hobgoblins
  6 jackals
  28 kobolds
  3 quokkas
  5 bats
  6 frilled lizards
  10 rats
217 creatures vanquished.

Notes
Turn   | Place    | Note
-------+----------+-------------------------------------------
     0 | D:1      | sanboga the Felid Berserker began the quest for the Orb.
     0 | D:1      | Reached XP level 1. HP: 10/10 MP: 2/2
   104 | D:1      | Reached XP level 2. HP: 14/14 MP: 3/3
   131 | D:1      | Reached skill level 1 in Stealth
   545 | D:1      | Reached XP level 3. HP: 12/17 MP: 4/4
   792 | D:1      | Found Apassiow's Antique Weapon Shop.
  1224 | D:1      | Reached ** piety under Trog
  1617 | D:2      | Reached XP level 4. HP: 8/21 MP: 5/5
  2231 | D:2      | Found Piodwon's Weapon Boutique.
  2842 | D:3      | Reached *** piety under Trog
  2920 | D:3      | Found a faded altar of an unknown god.
  2993 | D:3      | Noticed a necrophage
  3002 | D:3      | Killed a necrophage
  3003 | D:3      | Reached skill level 5 in Dodging
  3003 | D:3      | Reached XP level 5. HP: 25/25 MP: 6/6
  3344 | D:3      | Gained mutation: You are covered in thick fur. (AC +2)
                  | [Felid growth]
  3344 | D:3      | Reached XP level 6. HP: 28/28 MP: 7/7
  3804 | D:4      | Reached skill level 5 in Unarmed Combat
  4244 | D:4      | Slain by an ogre
  4245 | D:4      | Reached XP level 5. HP: -3/25 MP: 6/6
  4262 | D:4      | Killed an ogre
  4263 | D:4      | Reached XP level 6. HP: 29/29 MP: 7/7
  4494 | D:5      | Entered Level 5 of the Dungeon
  4635 | D:5      | Reached XP level 7. HP: 22/33 MP: 8/8
  4645 | D:5      | Slain by an orc
  4646 | D:5      | Reached XP level 6. HP: -4/29 MP: 7/7
  4680 | D:5      | Reached skill level 5 in Stealth
  4722 | D:5      | Reached skill level 5 in Fighting
  4828 | D:5      | Reached XP level 7. HP: 31/33 MP: 8/8
  5358 | D:5      | Found a staircase to the Ecumenical Temple.
  5612 | D:5      | Found an ornate altar of the Wu Jian Council.
  5616 | D:5      | Found a snail-covered altar of Cheibriados.
  5617 | D:5      | Found a white marble altar of Elyvilon.
  5621 | D:5      | Found a burning altar of Makhleb.
  5908 | D:6      | Reached **** piety under Trog
  6690 | D:6      | Reached XP level 8. HP: 37/37 MP: 9/9
  7135 | D:7      | Noticed a gargoyle
  7305 | D:7      | Killed a gargoyle
  7490 | D:7      | Found a runed translucent door.
  7531 | D:7      | Noticed hawla's ghost (amateur FeNe)
  7538 | D:7      | Killed hawla's ghost
  7590 | D:7      | Noticed Pikel
  7608 | D:7      | Killed Pikel
  7609 | D:7      | Reached XP level 9. HP: 42/42 MP: 10/10
  8549 | D:7      | HP: 2/42 [killer bee (2)]
  9287 | D:8      | Reached ***** piety under Trog
  9471 | D:8      | Noticed Prince Ribbit
  9479 | D:8      | Killed Prince Ribbit
  9489 | D:8      | Identified the amulet of Moseoz {+Blink rF+ Regen+}
  9533 | D:8      | Noticed Joseph
  9546 | D:8      | Killed Joseph
  9792 | D:8      | Slain by a kobold brigand

Illustrated notes

Levels and vault maps discovered:
D:1:      psy_arrival_dodecagon, layout_basic, serial_shops, nicolae_shop_stone
D:2:      minmay_thinvault, layout_loops_cross, serial_shops, shop_statue,
          minmay_pentomino_pile
D:3:      layout_loops_cross, hellmonk_ecumenical_altar_zigzags, st_stairs_12,
          serial_bayou_lagoon_b
D:4:      layout_basic
D:5:      layout_loops_ring, minitemple, minmay_temple_entry_proselytizer
D:6:      layout_basic
D:7:      layout_basic, ebering_ghost_reflecting_pool, uniq_pikel
D:8:      layout_basic, serial_shops, shop, serial_aquarium,
          aquarium_bridge_straight [aquarium_subvault_bridge,
          aquarium_subvault_wall, aquarium_subvault_bridge,
          aquarium_subvault_window], aquarium_window_corner, aquarium_window_1,
          aquarium_window_1, aquarium_window_corridor_1, aquarium_view_2g,
          uniq_joseph, uniq_prince_ribbit1

Skill      XL: |  1  2  3  4  5  6  7  8  9 |
---------------+----------------------------+-----
Stealth        | 1 2 3 4 5 6 8 9 |  9.2
Unarmed Combat | 4 6 7 8 9 |  9.9
Dodging        | 5 6 7 8 9 |  9.4
Fighting       | 4 5 6 7 |  7.3

Action                   |  1- 3 |  4- 6 |  7- 9 || total
-------------------------+-------+-------+-------++-------
Melee: Unarmed           |   124 |   173 |   301 ||   598
       Bite              |    15 |    22 |    25 ||    62
       Punch             |     2 |     5 |    12 ||    19
Invok: Berserk           |     2 |     7 |     5 ||    14
  Use: Scroll            |       |    12 |     3 ||    15
       Potion            |       |       |     2 ||     2
 Stab: Sleeping          |     5 |    16 |    16 ||    37
Armor: Skin              |     5 |     6 |    15 ||    26
Dodge: Dodged            |   101 |   141 |   334 ||   576
